 Dungeon Crawl Stone Soup version 0.31-a0-986-g5e6e4ef867 (webtiles) character file.

Game seed: 11895771637546953367

1566 porpoise the Skirmisher (level 9, 0/57 HPs)
             Began as a Kobold Hunter on Nov 11, 2023.
             Slain by Menkaure (5 damage)
             ... on level 5 of the Dungeon.
             The game lasted 00:14:54 (5009 turns).

porpoise the Skirmisher (Kobold Hunter)             Turns: 5009, Time: 00:14:55

Health: 0/57       AC:  4    Str:  9    XL:     9   Next: 13%
Magic:  9/9        EV: 17    Int: 10    God:
Gold:   286        SH:  0    Dex: 22    Spells: 8/8 levels left

rFire   + . .        a - +1 shortbow
rCold   + + .        (shield currently unavailable)
rNeg    . . .        z - +1 robe {rC+ rF+}
rPois   +            (no helmet)
rElec   .            B - +0 cloak
rCorr   .            (no gloves)
SInv    .            (no boots)
Will    +....        (no amulet)
Stlth   +++          i - ring of poison resistance
HPRegen 0.29/turn    l - ring of protection from cold
MPRegen 0.11/turn

%: no passive effects
@: enlightened, flying
A: small, no large weapons, nightstalker 3
a: no special abilities


You were on level 5 of the Dungeon.
You visited 2 branches of the dungeon, and saw 6 of its levels.
You also visited: Sewer and Ossuary.

You collected 326 gold pieces.
You spent 40 gold pieces at shops.

Inventory:

Hand Weapons
 a - a +1 shortbow (weapon)
 b - a +0 trident
Armour
 c - a +0 leather armour
 d - the +0 robe "Utocane" {Will+ MP+9}
   (You found it on level 3 of the Dungeon)

   Will+:     It increases your willpower.
   MP+9:      It affects your magic capacity (+9).
 v - a +0 kite shield
 z - a +1 robe of resistance (worn)
 B - a +0 cloak (worn)
Magical Staves
 f - a staff of air
Jewellery
 i - a ring of poison resistance (left hand)
 l - a ring of protection from cold (right hand)
 w - a ring of see invisible
Wands
 n - a wand of iceblast (12)
Scrolls
 h - a scroll of amnesia
 p - a scroll of enchant weapon
 q - a scroll of immolation
 r - 2 scrolls of teleportation
 t - a scroll of blinking
 y - a scroll of vulnerability
 A - a scroll of summoning {unknown}
 C - a scroll of fear
Potions
 e - a potion of attraction
 g - a potion of brilliance {unknown}
 j - a potion of might {unknown}
 k - a potion of haste {unknown}
 m - 7 potions of curing
 o - 4 potions of mutation
 s - 3 potions of cancellation
 u - a potion of enlightenment
 x - a potion of ambrosia {unknown}


   Skills:
 - Level 7.0 Fighting
 * Level 12.1 Ranged Weapons
 + Level 4.4 Dodging
 - Level 1.3 Stealth


You had 8 spell levels left.
You didn't know any spells.
Your spell library contained the following spells:

 Spells                   Type           Power      Damage    Failure   Level
 Sting                    Tmut/Pois      0%         1d3       36%         1
 Poisonous Vapours        Pois/Air       0%         N/A       50%         2
 Brom's Barrelling Bould  Conj/Erth      0%         2d3       98%         4
 Olgreb's Toxic Radiance  Pois           0%         N/A       98%         4
 Passage of Golubria      Tloc           0%         N/A       98%         4
 Fireball                 Conj/Fire      0%         3d3       100%        5
 Iskenderun's Battlesphe  Conj           0%         2d6       100%        5
 Silence                  Hex/Air        0%         N/A       100%        5
 Conjure Ball Lightning   Conj/Air       0%         3x3d6     100%        6
 Orb of Destruction       Conj           0%         9d5       100%        7
 Lehudib's Crystal Spear  Conj/Erth      0%         10d2      100%        8


Dungeon Overview and Level Annotations

Branches:
Dungeon (5/15)             Temple (1/1) D:4           Sewer (visited)
Ossuary (visited)

Altars:
Elyvilon
Gozag
Hepliaklqana
Nemelex Xobeh
Qazlal
Ru
Sif Muna
Uskayaw
Vehumet
Wu Jian
Xom
Yredelemnul
Zin
The Shining One

Shops:
D:3 ?

Annotations:
D:5 Menkaure


Innate Abilities, Weirdness & Mutations

You are small and have problems with some larger weapons.
You are completely attuned to the shadows.


Message History

Menkaure screams, "Why can't you leave me to my rest?"
Menkaure mumbles some strange words.
Menkaure seems to speed up.
You shoot an arrow. The arrow hits the sleepcap!
The sleepcap is heavily damaged.
The sleepcap closely misses you.
You shoot an arrow. The arrow hits the sleepcap!
The sleepcap is almost destroyed.
Menkaure calls on the powers of darkness!
Sigmund convulses!
Your body is wracked with pain!
The sleepcap barely misses you.
You are too injured to fight recklessly!
Unknown command.
Menkaure calls on the powers of darkness!
Your body is wracked with pain!
* * * LOW HITPOINT WARNING * * *
Items here: )))) [[ †.
You are too injured to fight recklessly!
You are too injured to fight recklessly!
Fire: a) +1 shortbow
Press: ? - help, Q - select action, (/) - cycle Shift-Dir - straight line, f/p - sleepcap
Aim: a sleepcap (almost destroyed, 98% to hit)
You shoot an arrow. The arrow hits the sleepcap!
You destroy the sleepcap!
Your Ranged Weapons skill increases to level 12!
Fire: a) +1 shortbow
Press: ? - help, Q - select action, (/) - cycle Shift-Dir - straight line, f - Sigmund
Aim: Sigmund, wielding a +0 scythe and wearing a +0 robe (severely wounded, 70% to hit)
You shoot an arrow. The arrow barely misses Menkaure.
The arrow hits Sigmund!
You kill Sigmund!
Menkaure hums, "Let me perform the rites..."
Menkaure hits you!
* * * LOW HITPOINT WARNING * * *
Unknown command.
It was a potion of cancellation.
You feel magically purged. Menkaure barely misses you.
It was a potion of enlightenment.
You feel very buoyant.
You fly up into the air.
Menkaure hits you.
You die...

#### ..# ###.....# #+##.#
..#.....## ...#.### .......#.#
........ ###### ......#.$#
.....### ...... #.@#)..# .....###
.....############M..# .......>
.....#....##...#.)..# ###..##.
.....#.#.....#.@.#...#######..##.
.....#..#...#.#...#..#...........
.....#...#...#.....#.#........##.
.....#.....#.........#........##.
.....#....############........+..
###+##...#..#########.........##'


You could see Menkaure (fast).

Vanquished Creatures
  Grinder (D:4)
  Prince Ribbit (D:5)
  Sigmund (D:5)
  An ogre (D:4)
  3 phantoms (D:4)
  Blork the orc (D:4)
  2 scorpions (D:5)
  2 water moccasin zombies (Ossuary)
  A howler monkey (D:5)
  2 hounds (D:4)
  Crazy Yiuf (D:5)
  A sleepcap (D:5)
  A bullfrog skeleton (D:4)
  A hound zombie (D:4)
  A hound skeleton (D:4)
  3 mummies
  A howler monkey zombie (D:4)
  2 river rats (Sewer)
  10 adders
  4 adder zombies
  An adder skeleton (D:4)
  2 worms
  2 dart slugs
  8 orcs
  6 endoplasms
  5 giant cockroaches
  5 gnoll zombies (Ossuary)
  13 goblins
  3 hobgoblins
  8 jackals
  5 quokkas
  3 ball pythons
  7 bats
  9 frilled lizards
  2 hobgoblin zombies (Ossuary)
  8 kobolds
  8 kobold zombies (Ossuary)
  6 orc zombies (Ossuary)
  25 rats
166 creatures vanquished.

Notes
Turn   | Place    | Note
-------+----------+-------------------------------------------
     0 | D:1      | porpoise the Kobold Hunter began the quest for the Orb.
     0 | D:1      | Reached XP level 1. HP: 12/12 MP: 1/1
   479 | D:1      | Reached XP level 2. HP: 15/18 MP: 2/2
  1161 | D:1      | Reached skill level 6 in Ranged Weapons
  1161 | D:1      | Reached XP level 3. HP: 21/23 MP: 3/3
  1302 | D:2      | Reached XP level 4. HP: 27/28 MP: 4/4
  1459 | D:2      | Found a shimmering altar of Xom.
  1813 | D:3      | Found Quphoto's Magic Scroll Shoppe.
  1818 | D:3      | Bought a scroll of identify for 20 gold pieces
  1818 | D:3      | Bought a scroll of identify for 20 gold pieces
  1937 | D:3      | Identified the +0 robe "Utocane" {Will+ MP+9}
  1950 | D:3      | Found a white marble altar of Elyvilon.
  1950 | D:3      | Found a hazy altar of Hepliaklqana.
  2214 | D:3      | Reached XP level 5. HP: 33/33 MP: 5/5
  2216 | D:3      | Found a glowing drain.
  2222 | Sewer    | Entered a sewer
  2359 | Sewer    | Reached skill level 7 in Ranged Weapons
  2943 | D:4      | Reached XP level 6. HP: 39/39 MP: 6/6
  2949 | D:4      | Found a sand-covered staircase.
  2966 | Ossuary  | Entered an ossuary
  3080 | Ossuary  | Reached skill level 5 in Fighting
  3126 | Ossuary  | Reached skill level 8 in Ranged Weapons
  3322 | Ossuary  | Reached XP level 7. HP: 36/44 MP: 7/7
  3677 | D:4      | Noticed Grinder
  3681 | D:4      | Paralysed by Grinder for 3 turns
  3693 | D:4      | Paralysed by Grinder for 2 turns
  3697 | D:4      | Killed Grinder
  3698 | D:4      | Reached skill level 9 in Ranged Weapons
  3739 | D:4      | Noticed Blork the orc
  3744 | D:4      | Killed Blork the orc
  3745 | D:4      | Reached XP level 8. HP: 52/52 MP: 8/8
  3909 | D:4      | Reached skill level 10 in Ranged Weapons
  4305 | D:4      | Found a staircase to the Ecumenical Temple.
  4313 | Temple   | Entered the Ecumenical Temple
  4369 | D:5      | Entered Level 5 of the Dungeon
  4517 | D:5      | Found a hide-covered altar of Uskayaw.
  4676 | D:5      | Found a runed translucent door.
  4679 | D:5      | Noticed Crazy Yiuf
  4687 | D:5      | Killed Crazy Yiuf
  4688 | D:5      | Reached skill level 11 in Ranged Weapons
  4739 | D:5      | Noticed Prince Ribbit
  4882 | D:5      | Killed Prince Ribbit
  4986 | D:5      | Reached XP level 9. HP: 41/57 MP: 9/9
  4998 | D:5      | Noticed Menkaure
  5002 | D:5      | Noticed Sigmund
  5007 | D:5      | Reached skill level 12 in Ranged Weapons
  5007 | D:5      | Killed Sigmund
  5009 | D:5      | Slain by Menkaure

Illustrated notes

Levels and vault maps discovered:
D:1:      saegor_arrival_simple_d, layout_loops_corners,
          nicolae_figureground_sparkle
D:2:      layout_rooms, basic_altar, minmay_circle_x
D:3:      layout_basic, gammafunk_temple_overflow_wave, serial_shops, shop,
          portal_sewer_entry_f, minmay_rat_hole
D:4:      layout_rooms, minmay_temple_entry_enclosed_plants,
          gup_ossuary_entry_pyramid, serial_undead, serial_undead_d,
          serial_undead_a, serial_undead_e, serial_undead_d,
          minmay_ogre_servants, uniq_blork_the_orc, uniq_grinder
D:5:      layout_basic, lemuel_crystal_altar, hangedman_decor_slide_cut,
          uniq_crazy_yiuf_cottage, uniq_prince_ribbit1, uniq_sigmund,
          uniq_menkaure
Temple:   chequers_temple_sunken

Skill      XL: |  1  2  3  4  5  6  7  8  9 |
---------------+----------------------------+-----
Fighting       | 3 4 5 6 7 |  7.0
Ranged Weapons | 6 7 8 9 11 12 | 12.1
Dodging        | 4 |  4.4
Stealth        | |  1.3

Action                     |  1- 3 |  4- 6 |  7- 9 || total
---------------------------+-------+-------+-------++-------
   Fire: Shortbow          |    82 |   223 |   195 ||   500
    Use: Scroll            |       |    14 |       ||    14
         Potion            |       |       |     2 ||     2
 Armour: Leather armour    |    18 |    53 |     5 ||    76
         Robe              |       |       |    32 ||    32
  Dodge: Dodged            |    33 |    78 |    73 ||   184

Table legend: (Time is in decaauts)
 A = Elapsed time spent in this place.
 B = Non-inter-level travel time spent in this place.
 C = Inter-level travel time spent in this place.
 D = Time resting spent in this place.
 E = Time spent auto-exploring this place.
 F = Levels seen in this place.
 G = Mean time per level.
                   A        B        C        D        E       F      G
               +--------+--------+--------+--------+--------+-----+--------+
         Total |   5091 |   4945 |    146 |    650 |   3068 |   8 |  636.4 |
       Dungeon |   4236 |   4095 |    141 |    389 |   3022 |   5 |  847.2 |
        Temple |      9 |      5 |      4 |      0 |      0 |   1 |    9.0 |
         Sewer |    383 |    383 |      0 |     15 |     46 |   1 |  383.0 |
       Ossuary |    461 |    461 |      0 |    246 |      0 |   1 |  461.0 |
               +--------+--------+--------+--------+--------+-----+--------+

Top non-repeatable levels by time:
     D:4: 1110 daAuts
     D:1: 1044 daAuts
     D:3: 913 daAuts
     D:5: 586 daAuts
     D:2: 581 daAuts
 Ossuary: 461 daAuts
   Sewer: 383 daAuts
  Temple: 9 daAuts
